 Dungeon Crawl Stone Soup version bcrawl-1.38.3 (webtiles) character file.

Game seed: 16870756751439805231

148773 MisterOstroum the Cutter (level 5, -2/39 HPs)
             Began as a High Elf Skald on May 12, 2023.
             Slain by a hobgoblin (4 damage)
             ... led by Robin
             ... on level 3 of the Dungeon.
             The game lasted 00:12:45 (3303 turns).

MisterOstroum the Cutter (High Elf Skald)           Turns: 3303, Time: 00:12:46

Health: -2/39      AC:  3    Str: 10    XL:     5   Next: 91%
Magic:  7/10       EV: 11    Int: 16    God:
Gold:   162        SH:  0    Dex: 15    Spells: 2/10 levels left

rFire    . . .     GDR:     28% b - +0 dagger (chaos)
rCold    . . .     SeeInvis .   (no shield)
rNeg     . . .     Gourm    .   x - +0 leather armour
rPois    .         Faith    .   (no helmet)
rElec    .         Spirit   .   (no cloak)
rCorr    .         Reflect  .   (no gloves)
MR       .....                  (no boots)
Stlth    ++........             f - amulet of magic regeneration
HPRegen  0.16/turn              (no ring)
MPRegen  0.24/turn              (no ring)

@: infused (expiring), very slightly contaminated, drained
A: obsessive focus, MP-powered wands
a: no special abilities


You were on level 3 of the Dungeon.
You were hungry.

You visited 1 branch of the dungeon, and saw 3 of its levels.

You collected 162 gold pieces.

Inventory:

Hand Weapons
 a - a +0 rapier
 b - a +0 dagger of chaos (weapon)
 p - a +0 hunting sling
 r - a +2 falchion of holy wrath
 v - a +2 falchion of electrocution
Missiles
 i - 143 poisoned tomahawks
 j - 153 arrows
 k - 727 stones (quivered)
 t - 202 sling bullets
Armour
 x - a +0 leather armour (worn)
 y - a +1 ring mail of fire resistance
Jewellery
 f - an amulet of magic regeneration (around neck)
Wands
 w - a wand of polymorph (11)
Scrolls
 d - 3 scrolls of fear {!r}
 g - a scroll of fog {unknown}
 m - a scroll of blinking {@r4}
 n - a scroll of amnesia {unknown}
 o - 2 scrolls of remove curse
 q - a scroll of noise {unknown}
 u - a scroll of enchant weapon {unknown}
Potions
 c - a potion of ambrosia
 h - a potion of magic {unknown}
 l - a potion of heal wounds {@q2 !q}
 s - 2 potions of curing
Comestibles
 e - 6 rations {!d}


   Skills:
 - Level 2.5(1.9) Fighting
 - Level 4.3(3.6) Short Blades
 + Level 1.5(0.9) Throwing
 + Level 1.7(1.1) Armour
 - Level 2.1(1.5) Dodging
 - Level 2.0(1.3) Stealth
 - Level 2.0(1.3) Unarmed Combat
 - Level 3.0(2.3) Spellcasting
 - Level 3.2(2.6) Charms
 + Level 1.9(1.2) Air Magic


You had 2 spell levels left.
You knew the following spells:

 Your Spells              Type           Power        Failure   Level  Hunger
a - Infusion              Chrm           ##......     10%         1    None
b - Song of Slaying       Chrm           ##......     14%         2    ##.....
c - Spectral Weapon       Hex/Chrm       #.......     43%         3    ####...
d - Swiftness             Chrm/Air       #.......     19%         2    ##.....

Your spell library contained the following spells:

 Spells                   Type           Power        Failure   Level  Hunger
 Ozocubu's Armour         Chrm/Ice       #.......     43%         3    ####...
 Regeneration             Chrm/Necr      #.........   43%         3    ####...


Dungeon Overview and Level Annotations

Branches:
Dungeon (3/12)

Altars:
Dithmenos
Hepliaklqana
Qazlal


Innate Abilities, Weirdness & Mutations

You can't train low skills.
You expend magic power (3 MP) to strengthen your wands.


Message History

Robin throws the goblin at you! The goblin barely misses you.
The goblin hits you with a +0 club.
There is an open door, spattered with blood here.
Some of the chunks of flesh in your inventory have rotted away.
There is an open door here.
There is an open door here.
Casting: Infusion (safe; 10% risk of failure)
Confirm with . or Enter, or press ? or * to list all spells.
You begin infusing your attacks with magical energy.
The goblin barely misses you.
You closely miss the goblin.
Robin roars a battlecry!
The goblins go into a battle-frenzy!
The goblin hits you with a +0 club.
Your magical infusion is running out.
You are no longer magically infusing your attacks.
The goblin no longer looks unusually strong.
The goblin no longer looks unusually strong. x2
You hit the goblin.
You kill the goblin!
Throwing (i - inventory. (/) - cycle)
k - 730 stones (quivered)
Press: ? - help, Shift-Dir - straight line, f - goblin
Aim: a goblin, wielding a +0 dagger You throw a stone.
The stone barely misses the goblin.
The stone hits the goblin.
You kill the goblin!
You hit the goblin. You freeze the goblin.
You kill the goblin!
Throwing (i - inventory. (/) - cycle)
k - 729 stones (quivered)
Press: ? - help, Shift-Dir - straight line, f - goblin
Aim: a goblin, wielding a +0 club You throw a stone.
The stone hits the goblin.
The goblin is moderately wounded.
All of the chunks of flesh in your inventory have rotted away.
Throwing (i - inventory. (/) - cycle)
k - 728 stones (quivered)
Press: ? - help, Shift-Dir - straight line, f/p - goblin
Aim: a goblin, wielding a +0 club (moderately wounded)
You are feeling hungry.
You throw a stone. The stone hits the goblin.
The goblin is severely wounded.
You barely miss the goblin.
The goblin is severely wounded.
The goblin hits you with a +0 club.
You hit the goblin.
You kill the goblin!
Robin roars a battlecry!
Robin says, "Duck!"
The orc shouts!
Casting: Infusion (safe; 10% risk of failure)
Confirm with . or Enter, or press ? or * to list all spells.
You miscast Infusion.
You are very lightly contaminated with residual magic.
Multicoloured lights dance before your eyes!
Casting: Infusion (safe; 10% risk of failure)
Confirm with . or Enter, or press ? or * to list all spells.
You begin infusing your attacks with magical energy.
Robin hits you from afar with a +0 trident!
Robin hits you with a +0 trident!
You hit Robin.
Robin appears confused.
Robin is lightly wounded.
The hobgoblin no longer looks unusually strong.
Robin drinks a potion.
Robin is healed!
Robin seems less confused.
The orc shouts!
You hit Robin.
Robin is moderately wounded.
You hit Robin. You freeze Robin.
Robin is severely wounded.
Robin closely misses you.
You hit Robin but do no damage.
Robin seems to speed up.
Robin is severely wounded.
Robin barely misses you. The orc barely misses you.
You hit Robin. You burn Robin.
Robin is almost dead.
Robin hits you with a +0 trident.
* * * LOW HITPOINT WARNING * * *
The orc hits you.
* * * LOW HITPOINT WARNING * * *
You barely miss Robin.
Robin is almost dead.
Robin roars a battlecry!
The hobgoblins go into a battle-frenzy!
The orc hits you but does no damage.
You hit Robin but do no damage.
Robin is almost dead.
Robin hits you with a +0 trident.
* * * LOW HITPOINT WARNING * * *
No path to travel!
You hit Robin. Lightning courses through Robin!
You kill Robin!
You hit the hobgoblin. You drain the hobgoblin.
The hobgoblin is almost dead.
Your magical infusion is running out.
The hobgoblin barely misses you.
You closely miss the hobgoblin.
The hobgoblin is almost dead.
The orc hits you with a +0 short sword.
* * * LOW HITPOINT WARNING * * *
The hobgoblin hits you.
You die...

#...........<# #............#
#............# #............#
##########'#.###### #..g..g..#
###g####.# #g# #.# #@# #.# #o#
#g# #o# #.# ### #.# #)# #
#.######.# #g# ####
#......#.####.#########
...######......#.##.g.........#
)..'........o....##.###########
...######.#########.#


You could see 2 orcs and 3 hobgoblins.

Vanquished Creatures
  A crimson imp (D:3)
  Jessica (D:2)
  Ijyb (D:3)
  Robin (D:3)
  A howler monkey skeleton (D:2)
  5 adders (D:3)
  An adder zombie (D:3)
  3 worms
  4 dart slugs
  5 leopard geckos
  7 orcs
  3 giant cockroaches
  10 goblins
  4 hobgoblins
  5 jackals
  4 quokkas
  3 bats
  3 frilled lizards
  10 kobolds
  4 rats
76 creatures vanquished.

Notes
Turn   | Place    | Note
-------+----------+-------------------------------------------
     0 | D:1      | MisterOstroum the High Elf Skald began the quest for the
                  | Orb.
     0 | D:1      | Reached XP level 1. HP: 16/16 MP: 4/4
   145 | D:1      | Reached skill level 1 in Unarmed Combat
   200 | D:1      | Reached XP level 2. HP: 22/22 MP: 6/6
   435 | D:1      | Learned a level 2 spell: Swiftness
   560 | D:2      | Found a hazy altar of Hepliaklqana.
   633 | D:1      | Learned a level 2 spell: Song of Slaying
   651 | D:2      | Reached skill level 1 in Air Magic
   651 | D:2      | Reached skill level 1 in Throwing
   651 | D:2      | Reached skill level 1 in Stealth
   832 | D:2      | Reached XP level 3. HP: 16/27 MP: 5/7
   983 | D:2      | Reached skill level 3 in Short Blades
  1176 | D:3      | Learned a level 3 spell: Spectral Weapon
  1260 | D:3      | Reached skill level 4 in Short Blades
  1260 | D:3      | Reached XP level 4. HP: 10/33 MP: 5/9
  1559 | D:3      | Reached XP level 5. HP: 33/39 MP: 5/10
  1621 | D:3      | Found a stormy altar of Qazlal.
  1658 | D:3      | Noticed Ijyb
  2416 | D:2      | Noticed Jessica
  2427 | D:2      | Killed Jessica
  2614 | D:2      | Found a shadowy altar of Dithmenos.
  2999 | D:3      | Killed Ijyb
  3168 | D:3      | Noticed Robin
  3301 | D:3      | Killed Robin
  3303 | D:3      | Slain by a hobgoblin

Skill      XL: |  1  2  3  4  5 |
---------------+----------------+-----
Unarmed Combat | 1 2 |  2.0
Air Magic      | 1 |  1.9
Throwing       | 1 |  1.5
Stealth        | 1 2 |  2.0
Short Blades   | 4 |  4.3
Spellcasting   | 3 |  3.0
Fighting       | |  2.5
Armour         | |  1.7
Dodging        | |  2.1
Charms         | |  3.2

Action                   |  1- 3 |  4- 6 || total
-------------------------+-------+-------++-------
Melee: Rapier            |   133 |   124 ||   257
       Punch             |     1 |       ||     1
       Dagger            |       |    26 ||    26
Throw: Stone             |       |    51 ||    51
       Tomahawk          |       |     1 ||     1
 Cast: Infusion          |    20 |    18 ||    38
       Swiftness         |     1 |       ||     1
       Song of Slaying   |     1 |       ||     1
       Spectral Weapon   |       |     1 ||     1
  Use: Scroll            |     2 |     2 ||     4
 Stab: Distracted        |       |     1 ||     1
  Eat: Chunk             |     5 |    12 ||    17
Armor: Leather armour    |    43 |    31 ||    74
       Skin              |       |     1 ||     1
Dodge: Dodged            |   101 |    97 ||   198
Block: Other             |     1 |       ||     1
